[Event "Caplin Hastings Masters 2023-24"]
[Site "Hastings"]
[Date "2024.01.03"]
[Round "7.4"]
[White "Edouard, Romain"]
[Black "Sengupta, Deep"]
[Result "1/2-1/2"]
[ECO "A34"]
[WhiteElo "2527"]
[BlackElo "2501"]
[Annotator "TA"]
[PlyCount "60"]
[EventDate "2023.12.18"]
[EventType "swiss"]
[EventCountry "ENG"]
[SourceTitle "playchess.com"]
[Source "ChessBase"]
[SourceQuality "1"]
[TimeControl "40/6000+30:3000+30"]

1. Nf3 Nf6 2. g3 c5 3. Bg2 Nc6 4. c4 d5 5. cxd5 Nxd5 6. Nc3 Nc7 7. O-O e5 8. d3 Be7 9. Nd2 Bd7 10. Nc4 f6 11. f4 b5 $1 {[%emt 0:04:13] A34: Symmetrical English: 2 Nc3, lines with ...d5.} 12. Ne3 Rb8 (12... exf4 $5 13. Rxf4 Rb8 $11) 13. Ned5 O-O 14. Nxc7 Qxc7 {[%emt 0:00:05] [#]} 15. f5 $146 ({Predecessor:} 15. Nd5 Qd6 16. Nxe7+ Qxe7 17. Be3 exf4 18. Bxf4 Rb6 19. Qd2 Bg4 20. e4 Rd8 21. h3 {0-1 Lindenmaier,R-Palkovi,J (2405) Oberliga Wuerttemberg 9293 1992}) 15... Nd4 16. g4 Bc6 17. Ne4 Ba8 18. Be3 (18. Bd2 $11) 18... Qa5 (18... c4 $15) 19. a4 Qb4 20. axb5 Qxb2 (20... Qxb5 $14 21. Rxa7 Rfe8) 21. Rxa7 $16 Rfe8 {[%emt 0:00:28] [#]} 22. Bxd4 $1 Qxd4+ {[%emt 0:01:07] Black is weak on the light squares} 23. Kh1 {[%emt 0:00:07] White is much more active.} Rxb5 24. Qa1 (24. Nxf6+ {simplifies} Bxf6 25. Bxa8 Reb8 26. Bf3) 24... Rbb8 25. Qa6 (25. Ra4 {simplifies} Qxa1 26. Rfxa1 Bxe4 27. Bxe4 Rb4 28. Kg2) 25... Kh8 $1 {[%emt 0:11:18][%cal Oc5c4] [#]} 26. g5 Bxe4 {[%emt 0:01:16] The position is equal.} 27. Bxe4 {[%emt 0:00:07] aiming for Qe6.} c4 28. gxf6 Bxf6 29. Rf7 {[%emt 0:00:05] Rxf6 is the strong threat.} cxd3 30. exd3 {[%emt 0:00:03] Threatens to win with Rxf6.} Rf8 {[%emt 0:00:42] Weighted Error Value: White=0.14 (very precise) /Black=0.16 (very precise)} 1/2-1/2

[Event "Caplin Hastings Masters 2023-24"]
[Site "Hastings"]
[Date "2024.01.03"]
[Round "7.5"]
[White "Petrov, Martin"]
[Black "Gasanov, Eldar"]
[Result "1/2-1/2"]
[ECO "B67"]
[WhiteElo "2501"]
[BlackElo "2487"]
[Annotator "TA"]
[PlyCount "85"]
[EventDate "2023.12.18"]
[EventType "swiss"]
[EventCountry "ENG"]
[SourceTitle "playchess.com"]
[Source "ChessBase"]
[SourceQuality "1"]
[TimeControl "40/6000+30:3000+30"]

1. e4 c5 2. Nf3 Nc6 3. d4 cxd4 4. Nxd4 Nf6 5. Nc3 d6 6. Bg5 e6 7. Qd2 a6 8. O-O-O Be7 9. Kb1 Bd7 10. Nxc6 Bxc6 11. f3 b5 12. h4 {[%emt 0:00:22] B67: Sicilian: Richter-Rauzer: 7...a6 8 0-0-0 Bd7, lines without 9 f4 Be7.} h6 {[%emt 0:06:37] The modern move.} 13. Be3 d5 14. e5 $1 {[%emt 0:04:35] White is slightly better.} Nd7 15. f4 Nc5 {[%emt 0:18:04] [#]} (15... Qc7 $14) 16. Qf2 $146 ({Predecessor:} 16. Ne2 Ne4 17. Qe1 h5 18. Nd4 Qc7 19. f5 exf5 20. Nxf5 Qxe5 21. Nxe7 Qxe7 22. Bd4 {½-½ Samani,Y (2349)-Nevednichy,V (2447) SRB-chT 2nd League 2023 (8.1)}) 16... b4 17. Bxc5 bxc3 18. Bb6 (18. bxc3 Qa5 19. Bxe7 Kxe7 $15) 18... Qd7 19. b3 ({But not} 19. bxc3 $6 Rb8 20. Kc1 Ba4 $15) 19... Bb5 20. Rh3 Rc8 21. Ba5 (21. Bd4 $16) 21... Bxf1 $14 22. Qxf1 Qb5 23. Qxb5+ (23. Bxc3 $5 Qxf1 24. Rxf1 $14) 23... axb5 24. Rd4 Kd7 25. Bb4 Bc5 26. Bxc5 Rxc5 {[%emt 0:00:01][%mdl 4096] Endgame KRR-KRR} 27. a4 Rb8 28. Rb4 h5 29. axb5 (29. Rg3 $16) 29... Kc7 (29... Rcxb5 $11 30. Rxb5 Rxb5) 30. Rg3 $16 g6 31. Ka2 (31. Rd3 $16) 31... Kb6 $14 32. Ka3 (32. Ra4 $1 $14) 32... Rbc8 $11 {[%emt 0:02:06] The position is equal.} ({Much less strong is} 32... Rxb5 33. Rxb5+ (33. Rxc3 Ra8+ 34. Ra4 Rba5 $16) 33... Kxb5 34. Rxc3 $16) 33. Ra4 Kxb5 34. Rd3 Kb6 35. Rdd4 R8c7 36. g3 Ra5 37. Rdb4+ Rb5 38. Ra8 {[%emt 0:01:53] [#] Strongly threatening Rb8+.} Kc5 39. Rba4 Rbb7 40. R8a5+ Rb5 41. Ra8 Rbb7 42. R8a5+ Rb5 43. Ra8 {[%emt 0:05:54] Weighted Error Value: White=0.12 (very precise) /Black=0.10 (very precise)} 1/2-1/2

[Event "Caplin Hastings Masters 2023-24"]
[Site "Hastings"]
[Date "2024.01.03"]
[Round "7.6"]
[White "Cherniaev, Alexander"]
[Black "Laurent-Paoli, Pierre"]
[Result "0-1"]
[ECO "B22"]
[WhiteElo "2381"]
[BlackElo "2524"]
[Annotator "TA"]
[PlyCount "86"]
[EventDate "2023.12.18"]
[EventType "swiss"]
[EventCountry "ENG"]
[SourceTitle "playchess.com"]
[Source "ChessBase"]
[SourceQuality "1"]
[TimeControl "40/6000+30:3000+30"]

1. e4 c5 2. c3 Nf6 3. e5 Nd5 4. Nf3 e6 5. Bc4 d6 6. d4 cxd4 7. cxd4 Be7 8. O-O {[%emt 0:00:10] B22: Sicilian: 2 c3.} O-O 9. Bd2 dxe5 10. dxe5 {[%emt 0:03:04] The position is equal.} Bd7 11. Nc3 Bc6 12. Qe2 Nb6 13. Bd3 N8d7 {[%emt 0:02:56] [#]} 14. Ne4 $146 ({Predecessor:} 14. Nd4 Nxe5 15. Qxe5 Bf6 16. Qh5 g6 17. Nxc6 Qxd3 18. Ne5 Qd8 19. Qe2 {½-½ Jaracz,P (2510)-Plischki,S (2421) Jirasek Memorial 25th 2013 (6)}) 14... Qc7 15. Bf4 $1 Nd5 16. Bg3 Qb6 17. a3 a5 (17... a6 $11) 18. h4 (18. Rfd1 $14) 18... h6 19. Rad1 Nc5 20. Nxc5 {[%emt 0:02:27][%mdl 64] Remove Defender} Bxc5 21. h5 Ne7 22. Nh4 Rad8 23. Bb1 Qb3 24. Kh2 Rd4 25. Rxd4 Bxd4 26. Rd1 (26. Bc2 $1 $15 Qb5 27. Qxb5 Bxb5 28. Rd1) 26... Bxb2 $19 27. Rd3 Qb5 28. a4 Qb4 ({But not} 28... Qxa4 29. Qxb2 Qg4 30. Rd4 Qxh5 31. Bc2 $18) 29. Bc2 {[%emt 0:02:05] aiming for Rb3.} Bc1 $2 ({Don't play} 29... Bxa4 30. Bxa4 Qxa4 31. Qxb2 $16) (29... Bc3 $19 {...Nd5 would be deadly.} 30. f4 Rc8) 30. Rd1 $11 {[%emt 0:03:12] Repels Nd5. Qd3 is the strong threat.} Qa3 31. Bb1 (31. Rxc1 $1 $11 {was the only way to keep the balance.} Qxc1 32. Qd3) 31... Qc3 $1 $17 ({Don't take} 31... Bxa4 32. Qe4 g6 33. hxg6 fxg6 34. Rd6 $18) 32. Bc2 Bg5 {[%emt 0:00:31] Black is more active.} (32... Ba3 $142 $1 33. Rd3 Qc4) 33. Nf3 {[%emt 0:00:11] [#]} Nf5 {[%emt 0:00:48] Dodges Nd4} 34. Rd3 (34. Bxf5 $17 {is a better defense.} exf5 35. Nxg5 hxg5 36. h6) 34... Qc4 35. Nxg5 hxg5 36. Qd2 Qg4 (36... Bxa4 $19 37. Bxa4 Qxa4 38. Qxg5 Qc2) 37. Bd1 {[%emt 0:00:12] [#]} (37. Rd8 $17 {was necessary.}) 37... Nxg3 (37... Qe4 $1 $19 {[%csl Gc6][%cal Re4g2] and Black stays clearly on top.} 38. f3 Nxg3 39. fxe4 Nf1+ 40. Kh3 Nxd2 41. Rxd2 Kh7) 38. fxg3 (38. Rxg3 $142 Qf4 39. Qxf4 gxf4 40. Rd3) 38... Qf5 $40 {[%emt 0:00:15][%mdl 128] Black wants a kill.} 39. Re3 g4 40. Kg1 Qxh5 41. Qd4 (41. Qxa5 $142 Qg5 42. Qc3) 41... Qg5 $19 {[%emt 0:07:59] Hoping for ...Rd8.} 42. Rd3 Bd5 43. Bxg4 Rc8 {[%emt 0:01:46] Weighted Error Value: White=0.28 (precise) /Black=0.26 (precise)} 0-1

[Event "Caplin Hastings Masters 2023-24"]
[Site "Hastings"]
[Date "2024.01.03"]
[Round "7.7"]
[White "Mikhalevski, Victor"]
[Black "Derakhshani, Borna"]
[Result "0-1"]
[ECO "E20"]
[WhiteElo "2524"]
[BlackElo "2380"]
[Annotator "TA"]
[PlyCount "94"]
[EventDate "2023.12.18"]
[EventType "swiss"]
[EventCountry "ENG"]
[SourceTitle "playchess.com"]
[Source "ChessBase"]
[SourceQuality "1"]
[TimeControl "40/6000+30:3000+30"]

1. c4 Nf6 2. d4 e6 3. Nc3 Bb4 4. f3 c5 5. d5 d6 6. e4 b5 {[%emt 0:00:05] E20: Nimzo-Indian: 4 g3 and 4 f3.} 7. Bd2 Bxc3 8. Bxc3 b4 {[%emt 0:00:07] The position is equal.} 9. Bd2 O-O 10. Ne2 Nh5 11. Kf2 f5 12. exf5 exf5 {[%emt 0:23:29] [#]} 13. g3 $146 ({Predecessor:} 13. Nf4 Nxf4 14. Bxf4 g5 15. Bc1 Nd7 16. f4 Nf6 17. Kg1 Ne4 18. fxg5 f4 19. Bd3 {0-1 Mamedyarov,S (2782)-Caruana,F (2806) Sinquefield Cup 8th 2021 (7)}) 13... Qf6 14. Qc1 f4 15. Bg2 (15. Bxf4 g5 16. Bxd6 Qxf3+ 17. Ke1 Qf2+ 18. Kd1 Qxf1+ 19. Kd2 Qxc1+ 20. Raxc1 Rf3 21. Bxc5 Nf6 22. Bxb4 Na6 $17) ({White should play} 15. Nxf4 $15 Nxf4 16. gxf4 (16. Bxf4 g5 $11)) 15... fxg3+ (15... Nd7 $17 {And now ...Ne5 would win.} 16. Nxf4 (16. Bxf4 Nxf4 17. Nxf4 Qd4+ 18. Ke2 Re8+ 19. Ne6 Ba6 $17) 16... Ne5 17. Nxh5 Qg6) 16. hxg3 $11 Qg6 17. Rh4 (17. Qb1 $2 Bf5 18. Qe1 Nd7 $19) 17... Nd7 18. g4 Nhf6 19. Kg1 (19. Nf4 {looks sharper.} Qg5 20. Rh3 Nxg4+ 21. Kg1) 19... Ne5 20. Nf4 {[%emt 0:00:13] Repels Qd3} Qf7 21. g5 Ne8 22. Kh1 (22. a3 $11) 22... Nc7 $1 $15 23. Qf1 Bf5 24. Re1 Rae8 25. b3 a5 26. Bh3 {[%emt 0:00:49] [#]} (26. Qf2 $142) 26... a4 $1 $17 27. Re2 (27. Qg2 Bxh3) 27... axb3 28. axb3 {[%emt 0:00:04] [#]} Re7 (28... Ra8 $1 $17 {White must now prevent ...Ra2.} 29. Rg2 Ra3) 29. Rh2 $15 g6 {[%emt 0:00:11][%cal Oe5f3] Strongly threatening ...Nxf3! Black is more active.} 30. Rxh7 $2 {[%emt 0:00:36][%mdl 8192] White does not recover from this.} Qxh7 $19 {[%emt 0:00:32] Black is clearly winning.} 31. Bxf5 Rxf5 32. Rxh7 Rxh7+ 33. Kg1 Rh4 34. Nxg6 Nxf3+ 35. Kg2 Rg4+ (35... Nxd2 {gets mated.} 36. Qxf5) ({Less strong is} 35... Rh2+ 36. Kg3 Rh7 37. Qb1 $16) 36. Kh3 Nxg5+ {[%emt 0:00:15][%mdl 64] Discovered Attack. A dynamic duo of knights.} (36... Nxd2 {is a self mate.} 37. Qxf5) 37. Kxg4 Rxf1 38. Kxg5 {[%emt 0:00:30][%mdl 4096] Endgame KRN-KBN} Kf7 {[%emt 0:00:39] Hoping for ...Rg1+.} 39. Nh4 Ke7 40. Bf4 Ne8 {[%emt 0:00:18] ...Rb1 would be deadly.} 41. Ng6+ Kf7 {[%emt 0:51:28] Threatens to win with ...Rg1+.} 42. Nh4 Rb1 43. Nf5 Rxb3 44. Bxd6 Nxd6 45. Nxd6+ Ke7 46. Ne4 {[%emt 0:00:00] [#]} Rc3 $1 {[%emt 0:00:00][%mdl 576] Promotion} 47. d6+ (47. Nd2 Rd3) 47... Kd7 {[%emt 0:00:00] A cool game by Derakhshani.   Weighted Error Value: White=0.85/Black=0.16 (very precise)} 0-1

[Event "Caplin Hastings Masters 2023-24"]
[Site "Hastings"]
[Date "2024.01.03"]
[Round "7.8"]
[White "Waldhausen Gordon, Frederick"]
[Black "Ghasi, Ameet K"]
[Result "0-1"]
[ECO "E94"]
[WhiteElo "2338"]
[BlackElo "2509"]
[Annotator "TA"]
[PlyCount "118"]
[EventDate "2023.12.18"]
[EventType "swiss"]
[EventCountry "ENG"]
[SourceTitle "playchess.com"]
[Source "ChessBase"]
[SourceQuality "1"]
[TimeControl "40/6000+30:3000+30"]

1. d4 Nf6 2. c4 g6 3. Nc3 Bg7 4. e4 d6 5. Nf3 O-O 6. Be2 Nbd7 7. O-O e5 8. Be3 {[%emt 0:00:10] 8.Be3 scores better than 8.Re1.} Qe7 9. d5 Ng4 {[%emt 0:02:58] E94: King's Indian: Classical: 6 Be2 e5 7 0-0: Various Black 7th moves.} 10. Bg5 f6 11. Bh4 Nh6 {[%emt 0:03:42] [#] White is slightly better.} 12. Qd2 $146 ({Predecessor:} 12. Nd2 Nf7 13. f3 Bh6 14. Bf2 f5 15. b4 Nf6 16. Re1 Nh5 17. Bf1 Nf4 18. Kh1 {½-½ Berdayes Ason,D (2507)-Roselli Mailhe,B (2364) Iberoamerican-ch 9th 2023 (8)}) 12... a5 13. Bd1 Nc5 14. Bc2 Nf7 15. Qe2 Bg4 (15... g5 $5 16. Bg3 $8 h5 $11) 16. h3 Bd7 17. Nd2 Bh6 18. b3 Bg5 19. Bg3 Bf4 20. a3 Ng5 21. Rae1 Qg7 (21... Bxd2 $5 22. Qxd2 Bxh3 $11) 22. b4 axb4 23. axb4 Na6 24. Rb1 f5 25. h4 Nf7 26. exf5 Bxd2 27. Qxd2 gxf5 28. Bd3 (28. Kh1 $11) 28... Kh8 29. Bh2 $1 Rg8 30. f3 Qf6 (30... Nh6 {with more complications.} 31. Rf2 f4 32. Ne4 Bf5) 31. Qc2 (31. h5 $15) 31... Rg7 {[%emt 0:04:30] aiming for ...Rag8.} 32. Kh1 Rag8 $1 33. g3 Rxg3 (33... e4 $1 $17 34. fxe4 Rxg3 35. exf5 (35. Bxg3 $2 Rxg3 36. Qh2 Rxd3 $19) 35... Qd4 36. Bxg3 Rxg3) 34. Bxg3 $11 Rxg3 35. Qh2 Rg6 {[%emt 0:00:09] White must now prevent ...Rh6.} 36. Nd1 Rh6 37. h5 Ng5 (37... c5 $11 {keeps the balance.}) 38. f4 $1 $16 exf4 39. Rxf4 {[%emt 0:00:12] Threatens to win with Ne3.} Qe5 {[%emt 0:01:08] [#] Prevents Ne3} 40. Be2 ({Better is} 40. Nf2 $1 $16 {Rg1 is the strong threat.} Qe8 41. Kg2 (41. Bxf5 $2 Rxh5 42. Rh4 Rxh4 $19) 41... Rxh5 42. Rh4 Rxh4 43. Qxh4) 40... Ne4 {[%emt 0:00:41] [#]} (40... c6 $11 {remains equal.}) 41. Rb3 ({White should try} 41. Bf3 $1 $16) 41... c6 $11 42. Qh4 {[%emt 0:00:00] Hoping for Nf2.} cxd5 43. cxd5 {[%emt 0:00:00] Black should prevent Qd8+.} Nc7 44. Qd8+ (44. Ne3 $5 Ne8 45. Ra3 $16) 44... Ne8 {[%emt 0:11:12] A dynamic duo of knights.} 45. Qxd7 N4f6 $36 {[%emt 0:00:34][%mdl 2048] Black has good play. The board is on fire.} 46. Qf7 ({White has to play} 46. Qe6 $1 $11 Qxf4 47. Rc3) 46... Qxe2 $15 (46... Qxf4 $2 47. Qf8+ (47. Qxb7 $2 Qe4+ 48. Bf3 Rxh5+ 49. Kg2 Rg5+ 50. Kf1 Qc4+ 51. Be2 Qxb3 $19) 47... Ng8 48. Qxe8 $18) 47. Qf8+ $2 {[%emt 0:00:00][%mdl 8192] This costs White the game.} (47. Nf2 $15 Rxh5+ 48. Kg2 Rg5+ 49. Rg3) 47... Ng8 $19 {[%emt 0:00:03] Black is clearly winning.} 48. Nf2 Rf6 ({Weaker is} 48... Qxh5+ 49. Rh3 Qg6 50. Rxh6 (50. Rxf5 Nef6 $14) (50. Qxf5 Qxf5 51. Rxf5 Rxh3+ 52. Nxh3 Kg7 $16) 50... Qxh6+ 51. Qxh6 Nxh6 52. Rc4 $16) ({Worse is} 48... Rxh5+ 49. Kg2 Nef6 50. Rg3 $11 (50. Qxd6 Ng4 $15)) 49. Qxf6+ Nexf6 50. Rxf5 Qf1+ 51. Kh2 Ng4+ 52. Nxg4 Qxf5 53. Ne3 Qxh5+ 54. Kg3 Nf6 55. Kf4 {[%emt 0:02:01] Prevents Ne4.} Qe5+ 56. Kf3 Nxd5 57. Rd3 Qf4+ 58. Ke2 Nxe3 59. Rxe3 Qxb4 {[%emt 0:00:10] Weighted Error Value: White=0.57/Black=0.09 (flawless)} 0-1

[Event "Caplin Hastings Masters 2023-24"]
[Site "Hastings"]
[Date "2024.01.03"]
[Round "7.9"]
[White "Wadsworth, Matthew J"]
[Black "Fischer, Daniel"]
[Result "1/2-1/2"]
[ECO "D38"]
[WhiteElo "2448"]
[BlackElo "2341"]
[Annotator "RC"]
[PlyCount "80"]
[EventDate "2023.12.18"]
[EventType "swiss"]
[EventCountry "ENG"]
[SourceTitle "playchess.com"]
[Source "ChessBase"]
[SourceQuality "1"]
[TimeControl "40/6000+30:3000+30"]

1. d4 Nf6 2. c4 e6 3. Nf3 d5 4. Nc3 Bb4 5. cxd5 exd5 6. Bg5 h6 7. Bh4 O-O 8. e3 Bf5 9. Be2 Nbd7 10. Qb3 Bxc3+ 11. Qxc3 g5 12. Bg3 c6 13. Nd2 Ne4 14. Nxe4 Bxe4 15. h4 Kg7 16. hxg5 hxg5 17. f4 f6 18. fxg5 fxg5 19. O-O-O Qe7 20. Bg4 Bf5 21. Bf3 Rae8 22. e4 Bxe4 23. Rde1 Rh8 24. Bg4 Nf6 25. Be5 Kg6 26. Bf3 Rh7 27. Ref1 Rf8 28. Qe1 Rxh1 29. Rxh1 Bxf3 30. gxf3 Nd7 31. Qe2 Nxe5 32. dxe5 Qb4 33. Qc2+ Rf5 34. Kb1 Qc4 35. Rh6+ Kxh6 36. Qxf5 Qf1+ 37. Kc2 Qe2+ 38. Kc1 Qe1+ 39. Kc2 Qe2+ 40. Kc1 Qe1+ 1/2-1/2

[Event "Caplin Hastings Masters 2023-24"]
[Site "Hastings"]
[Date "2024.01.03"]
[Round "7.10"]
[White "Grutter, Tim"]
[Black "Willow, Jonah B"]
[Result "1/2-1/2"]
[ECO "B47"]
[WhiteElo "2342"]
[BlackElo "2427"]
[Annotator "RC"]
[PlyCount "80"]
[EventDate "2023.12.18"]
[EventType "swiss"]
[EventCountry "ENG"]
[SourceTitle "playchess.com"]
[Source "ChessBase"]
[SourceQuality "1"]
[TimeControl "40/6000+30:3000+30"]

1. e4 c5 2. Nf3 e6 3. d4 cxd4 4. Nxd4 Nf6 5. Nc3 Nc6 6. Be2 Qc7 7. Ndb5 Qb8 8. f4 a6 9. e5 axb5 10. exf6 b4 11. fxg7 Bxg7 12. Nb5 d5 13. O-O O-O 14. Bd3 f5 15. c3 bxc3 16. bxc3 Bd7 17. Be3 Na5 18. Bd4 Bxb5 19. Bxb5 Bxd4+ 20. cxd4 Qd6 21. Qe2 Rac8 22. Rac1 Kg7 23. g3 Qb6 24. Qd3 Rc7 25. Rxc7+ Qxc7 26. Re1 Qb6 27. Rc1 Nc4 28. Bxc4 Rc8 29. Rb1 dxc4 30. Rxb6 cxd3 31. Kf2 Rc2+ 32. Ke3 Rxh2 33. Kxd3 Rxa2 34. Rxb7+ Kg6 35. Re7 Ra3+ 36. Kc4 Kf6 37. Rxh7 Rxg3 38. Rh6+ Kf7 39. d5 exd5+ 40. Kxd5 Ra3 1/2-1/2

[Event "Caplin Hastings Masters 2023-24"]
[Site "Hastings"]
[Date "2024.01.03"]
[Round "7.11"]
[White "Gallagher, Joseph G."]
[Black "Lux, Hugo de Melo"]
[Result "1-0"]
[ECO "C50"]
[WhiteElo "2427"]
[BlackElo "2311"]
[Annotator "RC"]
[PlyCount "81"]
[EventDate "2023.12.18"]
[EventType "swiss"]
[EventCountry "ENG"]
[SourceTitle "playchess.com"]
[Source "ChessBase"]
[SourceQuality "1"]
[TimeControl "40/6000+30:3000+30"]

1. e4 e5 2. Nf3 Nc6 3. Bc4 Nf6 4. d3 Bc5 5. O-O d6 6. a4 a6 7. c3 Ba7 8. Re1 O-O 9. h3 b5 10. Bb3 h6 11. Nbd2 Ne7 12. Nf1 Bd7 13. Ng3 Ng6 14. d4 Qc8 15. Be3 Qb7 16. axb5 axb5 17. Rxa7 Rxa7 18. dxe5 dxe5 19. Bxa7 Qxa7 20. Nh5 Nxh5 21. Qxd7 Qb6 22. Qf5 Nhf4 23. Rd1 b4 24. Rd7 bxc3 25. Bxf7+ Kh8 26. bxc3 c5 27. Nxe5 Ne2+ 28. Kh2 Qb8 29. Qxg6 Qxe5+ 30. g3 Qxc3 31. Qd6 Rxf7 32. Rxf7 Qa1 33. Qf8+ Kh7 34. Kg2 Qg1+ 35. Kf3 Nd4+ 36. Kg4 Ne6 37. Qd6 Nd4 38. Qe5 Qd1+ 39. f3 h5+ 40. Kxh5 Ne6 41. Qxe6 1-0

[Event "Caplin Hastings Masters 2023-24"]
[Site "Hastings"]
[Date "2024.01.03"]
[Round "7.12"]
[White "Vestby-Ellingsen, Mads"]
[Black "Boyer, Mahel"]
[Result "1-0"]
[ECO "B15"]
[WhiteElo "2329"]
[BlackElo "2427"]
[Annotator "RC"]
[PlyCount "105"]
[EventDate "2023.12.18"]
[EventType "swiss"]
[EventCountry "ENG"]
[SourceTitle "playchess.com"]
[Source "ChessBase"]
[SourceQuality "1"]
[TimeControl "40/6000+30:3000+30"]

1. e4 c6 2. d4 d5 3. Nc3 dxe4 4. Nxe4 Nf6 5. Nxf6+ exf6 6. Be3 Na6 7. a3 Nc7 8. Bd3 Qd5 9. Qf3 Qxf3 10. Nxf3 Bg4 11. Nh4 Nd5 12. Bd2 O-O-O 13. O-O Bd6 14. g3 g6 15. Rfe1 Rhe8 16. Kg2 Be6 17. Nf3 h5 18. c4 Ne7 19. Bc3 g5 20. Rad1 Bc7 21. b3 h4 22. Rd2 h3+ 23. Kf1 Bb6 24. d5 cxd5 25. c5 Bxc5 26. Bxf6 Bxa3 27. Rc2+ Kb8 28. Nxg5 Bb4 29. Nxe6 fxe6 30. Rxe6 Nc6 31. Rce2 Rxe6 32. Rxe6 Rf8 33. g4 Nd8 34. Be5+ Kc8 35. Rf6 Kd7 36. Bf5+ Ke7 37. g5 Nc6 38. Rxf8 Kxf8 39. Bb2 d4 40. Ke2 Bd6 41. Bxh3 Bxh2 42. Kf3 Ke7 43. Ke4 Bg1 44. f4 Be3 45. Bf1 Kf7 46. Bb5 Na5 47. b4 a6 48. Bxa6 bxa6 49. bxa5 Bd2 50. Bxd4 Bxa5 51. f5 Bb4 52. g6+ Ke7 53. Kd5 1-0

[Event "Caplin Hastings Masters 2023-24"]
[Site "Hastings"]
[Date "2024.01.03"]
[Round "7.13"]
[White "Beaumont, Chris R"]
[Black "Brown, Thomas"]
[Result "1/2-1/2"]
[ECO "E66"]
[WhiteElo "2236"]
[BlackElo "2095"]
[Annotator "RC"]
[PlyCount "43"]
[EventDate "2023.12.18"]
[EventType "swiss"]
[EventCountry "ENG"]
[SourceTitle "playchess.com"]
[Source "ChessBase"]
[SourceQuality "1"]
[TimeControl "40/6000+30:3000+30"]

1. Nf3 g6 2. d4 Nf6 3. c4 Bg7 4. g3 d6 5. Bg2 O-O 6. O-O c5 7. Nc3 Nc6 8. d5 Na5 9. Nd2 a6 10. Rb1 Rb8 11. b3 b5 12. Bb2 bxc4 13. bxc4 Ng4 14. Qc2 Bf5 15. e4 Bd7 16. Nd1 Bxb2 17. Rxb2 Rxb2 18. Nxb2 e5 19. h3 Nh6 20. Nd3 Qc7 21. Rb1 Rb8 22. Rxb8+ 1/2-1/2

[Event "Caplin Hastings Masters 2023-24"]
[Site "Hastings"]
[Date "2024.01.03"]
[Round "7.14"]
[White "Ismail, Mohammed Aayan"]
[Black "Gormally, Daniel W"]
[Result "1/2-1/2"]
[ECO "A30"]
[WhiteElo "2115"]
[BlackElo "2442"]
[Annotator "RC"]
[PlyCount "76"]
[EventDate "2023.12.18"]
[EventType "swiss"]
[EventCountry "ENG"]
[SourceTitle "playchess.com"]
[Source "ChessBase"]
[SourceQuality "1"]
[TimeControl "40/6000+30:3000+30"]

1. Nf3 Nf6 2. e3 e6 3. b3 c5 4. Bb2 Nc6 5. Be2 Be7 6. O-O b6 7. d4 Bb7 8. c4 cxd4 9. Nxd4 Nxd4 10. Qxd4 O-O 11. Nc3 Bc5 12. Qh4 Ne4 13. Qxd8 Rfxd8 14. Bf3 d5 15. Rfd1 Ng5 16. cxd5 Nxf3+ 17. gxf3 exd5 18. Ne2 d4 19. exd4 Bxf3 20. dxc5 Rxd1+ 21. Rxd1 Bxe2 22. Re1 Bf3 23. Re3 Bc6 24. cxb6 axb6 25. Rc3 Bd5 26. Rd3 Be6 27. Rg3 g6 28. Rd3 b5 29. Bf6 h6 30. h4 g5 31. h5 Bg4 32. Rg3 Bxh5 33. Rh3 Ra6 34. Bxg5 hxg5 35. Rxh5 f6 36. f4 Rxa2 37. fxg5 Rb2 38. gxf6 Rxb3 1/2-1/2

[Event "Caplin Hastings Masters 2023-24"]
[Site "Hastings"]
[Date "2024.01.03"]
[Round "7.15"]
[White "Bai, Xue"]
[Black "Unuk, Laura"]
[Result "1/2-1/2"]
[ECO "B12"]
[WhiteElo "2099"]
[BlackElo "2345"]
[Annotator "RC"]
[PlyCount "121"]
[EventDate "2023.12.18"]
[EventType "swiss"]
[EventCountry "ENG"]
[SourceTitle "playchess.com"]
[Source "ChessBase"]
[SourceQuality "1"]
[TimeControl "40/6000+30:3000+30"]

1. e4 c6 2. d4 d5 3. e5 c5 4. Nf3 cxd4 5. Nxd4 e6 6. Bd3 Nc6 7. Nxc6 bxc6 8. O-O Ne7 9. Re1 Nf5 10. a4 a5 11. b3 Bc5 12. Ba3 Bxa3 13. Nxa3 O-O 14. c3 Ba6 15. Bxf5 exf5 16. b4 axb4 17. cxb4 d4 18. b5 cxb5 19. Nxb5 d3 20. Qb3 Bxb5 21. Qxb5 Qd4 22. Red1 Rfd8 23. a5 Rab8 24. Qa4 Rb4 25. Qa3 Rb2 26. Rf1 Qxe5 27. a6 Rbb8 28. Rfe1 Qd4 29. a7 Ra8 30. Qa4 d2 31. Red1 Qd3 32. Qa5 h6 33. Ra2 Qe2 34. Raa1 Rd7 35. Qa6 Qxa6 36. Rxa6 Raxa7 37. Rxa7 Rxa7 38. Kf1 Rd7 39. Ke2 Kf8 40. Rxd2 Rxd2+ 41. Kxd2 Ke7 42. Ke3 Ke6 43. Kd4 f4 44. Ke4 g5 45. f3 Kf6 46. Kd3 Ke5 47. Kc3 g4 48. Kc4 Kf5 49. Kd3 Kg5 50. Ke2 Kh4 51. Kf1 h5 52. Kg1 f6 53. Kf1 f5 54. Kg1 Kg5 55. Kf2 Kf6 56. Ke2 Ke5 57. Kd3 Kd5 58. Kc3 h4 59. h3 Kc5 60. Kd3 gxh3 61. gxh3 1/2-1/2

[Event "Caplin Hastings Masters 2023-24"]
[Site "Hastings"]
[Date "2024.01.03"]
[Round "7.16"]
[White "Evenshaug, Amadeus Hestvik"]
[Black "Bozinakis, Pavlos"]
[Result "1/2-1/2"]
[ECO "B48"]
[WhiteElo "2041"]
[BlackElo "2274"]
[Annotator "RC"]
[PlyCount "81"]
[EventDate "2023.12.18"]
[EventType "swiss"]
[EventCountry "ENG"]
[SourceTitle "playchess.com"]
[Source "ChessBase"]
[SourceQuality "1"]
[TimeControl "40/6000+30:3000+30"]

1. e4 c5 2. Nf3 e6 3. d4 cxd4 4. Nxd4 Nc6 5. Nc3 Qc7 6. Be3 a6 7. g4 Bb4 8. Nxc6 Bxc3+ 9. bxc3 dxc6 10. f3 Ne7 11. Bc5 e5 12. Bc4 Be6 13. Bxe6 fxe6 14. Qd2 O-O 15. Qd6 Qxd6 16. Bxd6 Rf7 17. Bxe7 Rxe7 18. Rd1 a5 19. Ke2 Kf7 20. Rd6 Rc7 21. h4 Ke7 22. Rhd1 a4 23. a3 h6 24. R6d3 Ke8 25. Rg1 g6 26. Ke3 Rd7 27. Rgd1 Rad8 28. Rf1 Ke7 29. f4 exf4+ 30. Rxf4 e5 31. Rf1 b5 32. g5 Rxd3+ 33. cxd3 hxg5 34. hxg5 Rh8 35. Rf6 Rh3+ 36. Kd2 Rh2+ 37. Kc1 Rh1+ 38. Kc2 Rh2+ 39. Kc1 Rh1+ 40. Kc2 Rh2+ 41. Kc1 1/2-1/2